 Dungeon Crawl Stone Soup version 0.25.1-2-g60ff931df9 (webtiles) character file.

Game seed: 7788804207086896535

144 raphialitos the Shield-Bearer (level 5, 0/47 HPs)
             Began as a Minotaur Fighter on Oct 16, 2020.
             Splashed by a goblin's acid (11 damage)
             ... on level 3 of the Dungeon.
             The game lasted 00:03:50 (2151 turns).

raphialitos the Shield-Bearer (Minotaur Fighter)    Turns: 2151, Time: 00:03:51

Health: 0/47       AC:  3    Str: 22    XL:     5   Next: 5%
Magic:  4/4        EV:  8    Int:  5    God:
Gold:   72         SH:  9    Dex:  9    Spells: 4/4 levels left

rFire    . . .     SeeInvis .   a - +0 long sword
rCold    . . .     Gourm    .   c - +0 kite shield
rNeg     . . .     Faith    .   b - +0 scale mail
rPois    .         Spirit   .   (helmet restricted)
rElec    .         Reflect  .   (no cloak)
rCorr    .         Harm     .   (no gloves)
MR       .....                  (no boots)
Stlth    ..........             (no amulet)
HPRegen  0.15/turn              (no ring)
MPRegen  0.09/turn              (no ring)

@: corroded
A: retaliatory headbutt, horns 2
a: no special abilities


You were on level 3 of the Dungeon.
You were not hungry.

You visited 1 branch of the dungeon, and saw 3 of its levels.

You collected 72 gold pieces.

Inventory:

Hand Weapons
 a - a +0 long sword (weapon)
Missiles
 h - 27 arrows
 i - 8 datura-tipped darts (quivered)
 j - 38 bolts
 k - 18 sling bullets
Armour
 b - a +0 scale mail (worn)
 c - a +0 kite shield (worn)
Jewellery
 l - an uncursed ring of ice {unknown}
Scrolls
 d - a scroll of identify {unknown}
 e - 3 scrolls of remove curse
Comestibles
 f - 3 rations
 g - 6 chunks of flesh


   Skills:
 + Level 4.3 Fighting
 + Level 4.1 Long Blades
 + Level 4.5 Armour
 + Level 1.0 Dodging
 + Level 4.6 Shields


You had 4 spell levels left.
You didn't know any spells.
Your spell library contained the following spells:

 Spells                   Type           Power        Failure   Level  Hunger
 Magic Dart               Conj           #...         99%         1    ##.....
 Blink                    Tloc           N/A          100%        2    ###....
 Call Imp                 Summ           #.......     100%        2    ###....
 Slow                     Hex            #.......     100%        2    ###....
 Conjure Flame            Conj/Fire      #.......     100%        3    ####...
 Mephitic Cloud           Conj/Pois/Air  #.......     100%        3    ####...


Dungeon Overview and Level Annotations

Branches:
Dungeon (3/15)

Altars:
Yredelemnul


Innate Abilities, Weirdness & Mutations

You reflexively headbutt those who attack you in melee.
You have a pair of horns on your head.


Message History

A goblin is nearby!
A goblin is nearby!
A goblin is nearby!
A goblin is nearby!
A goblin is nearby!
The goblin shoots a sling bullet.
You block the sling bullet.
You see here a sling bullet.
The goblin shoots a sling bullet.
The sling bullet hits you.
You see here a sling bullet.
The goblin shoots a sling bullet.
You block the sling bullet.
There is a stone staircase leading up here.
You see here a sling bullet.
The goblin shoots a sling bullet.
The sling bullet hits you but does no damage.
You see here a sling bullet.
The goblin zaps a wand.
The bolt of acid hits you!
You are splashed with acid!
The goblin zaps a wand.
The bolt of acid hits you!
* * * LOW HITPOINT WARNING * * *
The acid corrodes you!
You are splashed with acid!
You die...

#...##.....##########
#...##.....'........#
#..........###......#
#..####....# #......#
#..........###......#
##..##..............#
#..##.#.######.....#
#..##.#.#...########
#.(.(<(.@......).#
#.###.#.g...####)# # ..
#....#...⌠.⌠...##.# #
#.##....#.........##)#
#####.......#.⌠..÷..⌠.#....#
....#.......#....>....####.#
.... .....####.......#..# .#
.. ##..#.# ##.....##..# #
######..#.# #######)..#


You could see a goblin.

Vanquished Creatures
  A hound (D:3)
  A worker ant zombie (D:2)
  Robin (D:3)
  An adder (D:2)
  2 dart slugs
  4 leopard geckos
  2 ball pythons
  4 giant cockroaches
  20 goblins
  8 hobgoblins
  3 jackals (D:3)
  A quokka (D:3)
  10 bats
  A frilled lizard (D:1)
  2 kobolds
  5 rats
66 creatures vanquished.

Vanquished Creatures (others)
  4 toadstools (D:1)
4 creatures vanquished.

Grand Total: 70 creatures vanquished

Notes
Turn   | Place    | Note
-------+----------+-------------------------------------------
     0 | D:1      | raphialitos the Minotaur Fighter began the quest for the
                  | Orb.
     0 | D:1      | Reached XP level 1. HP: 19/19 MP: 0/0
   184 | D:1      | Reached XP level 2. HP: 24/27 MP: 1/1
   771 | D:1      | Reached XP level 3. HP: 33/33 MP: 2/2
  1429 | D:2      | Reached XP level 4. HP: 40/40 MP: 3/3
  1435 | D:2      | Found a basalt altar of Yredelemnul.
  1649 | D:3      | Noticed Robin
  1734 | D:3      | Killed Robin
  2113 | D:3      | Reached skill level 1 in Dodging
  2113 | D:3      | Reached XP level 5. HP: 47/47 MP: 4/4
  2151 | D:3      | Splashed by a goblin's acid

Illustrated notes

Levels and vault maps discovered:
D:1:      ldierk_walled_garden_2, layout_loops_corners
D:2:      layout_loops_cross, lemuel_doored_altar, first_ration
D:3:      layout_basic, grunt_ministairs_9, minmay_increasing_density,
          uniq_ijyb, uniq_crazy_yiuf_cottage, uniq_robin, uniq_natasha

Skill      XL: |  1  2  3  4 |
---------------+-------------+-----
Shields        | 4 |  4.6
Long Blades    | 3 4 |  4.1
Armour         | 4 |  4.5
Fighting       | 4 |  4.3
Dodging        | 1 |  1.0

Action                   |  1- 3 |  4- 6 || total
-------------------------+-------+-------++-------
Melee: Long sword        |    92 |    53 ||   145
       Headbutt          |    14 |     4 ||    18
  Use: Scroll            |     1 |       ||     1
       Potion            |       |     1 ||     1
  Eat: Chunk             |     2 |     2 ||     4
Armor: Scale mail        |    41 |    53 ||    94
Dodge: Dodged            |    25 |    32 ||    57
Block: Kite shield       |    53 |    61 ||   114
       Rpst.: Long sword |     7 |     7 ||    14
